 Dungeon Crawl Stone Soup version 0.31-a0-236-g9a0961fb85 (webtiles) character file.

Game seed: 18060248834171838634

92 qw the Shooter (level 4, 0/33 (36) HPs)
             Began as a Minotaur Hexslinger on July 10, 2023.
             Slain by Robin
             ... wielding a +1 falchion of flaming
              (1 damage)
             ... on level 2 of the Dungeon.
             The game lasted 00:00:27 (1172 turns).

qw the Shooter (Minotaur Hexslinger)                Turns: 1172, Time: 00:00:28

HP:   0/33 (36)     AC:  5    Str: 12    XL:     4   Next: 35%
MP:   4/4           EV: 11    Int: 10    God:
Gold: 56            SH:  0    Dex: 15    Spells: 4/5 levels left

rFire   . . .        Y - +1 sling
rCold   . . .        (no shield)
rNeg    . . .        i - +0 ring mail
rPois   .            (helmet restricted)
rElec   .            (no cloak)
rCorr   .            (no gloves)
SInv    .            (no boots)
Will    .....        (no amulet)
Stlth   +            (no ring)
HPRegen 0.25/turn    (no ring)
MPRegen 0.09/turn

%: no passive effects
@: drained
A: horns 2, retaliatory headbutt
a: no special abilities


You were on level 2 of the Dungeon.
You visited 1 branch of the dungeon, and saw 2 of its levels.

You collected 56 gold pieces.


Innate Abilities, Weirdness & Mutations

You have a pair of horns on your head.
You reflexively headbutt those who attack you in melee.


   Skills:
 - Level 2.0 Fighting
 + Level 4.3 Ranged Weapons
 - Level 2.1 Armour
 - Level 2.1 Dodging
 - Level 1.0 Spellcasting
 - Level 2.0 Hexes


You had 4 spell levels left.
You knew the following spells:

 Your Spells              Type           Power      Damage    Failure   Level
a - Slow                  Hex            16%        N/A       32%         1

Your spell library contained the following spells:

 Spells                   Type           Power      Damage    Failure   Level
 Inner Flame              Hex/Fire       2%         N/A       83%         3
 Portal Projectile        Hex/Tloc       4%         N/A       83%         3
 Cause Fear               Hex            2%         N/A       97%         4

Inventory:

Hand Weapons
 Y - a +1 sling (weapon)
Armour
 i - a +0 ring mail (worn)
Jewellery
 b - a +6 ring of strength
Scrolls
 a - a scroll of identify {unknown}
Potions
 g - a potion of ambrosia {unknown}
 h - a potion of attraction {unknown}

Dungeon Overview and Level Annotations

Branches:
Dungeon (2/15)

Altars:

Annotations:
D:2 Robin


Message History

The ball python constricts you. The goblin hits you but does no damage.
A hobgoblin comes into view.
It is wielding a +0 sling and quivering atropa-tipped darts.
The adder barely misses you. The adder bites you.
The ball python closely misses you. The ball python constricts you.
Robin throws the goblin at you! The goblin hits you with a +0 dagger.
The goblin completely misses you.
You shoot a sling bullet. The sling bullet hits the ball python.
The ball python is moderately wounded.
The adder bites you but does no damage. The adder bites you.
The ball python bites you but does no damage.
The ball python constricts you. The adder bites you but does no damage.
The adder closely misses you. The goblin hits you but does no damage.
Robin throws the goblin at you! The ball python barely misses you.
The ball python constricts you.
You shoot a sling bullet. The sling bullet hits the ball python.
You kill the ball python!
The adder misses you. The adder bites you but does no damage.
The goblin hits you but does no damage. x2
The goblin hits you with a +2 dagger of draining.
You feel drained. The goblin barely misses you.
The adder closely misses you. x2
You furiously retaliate!
You headbutt the adder. You shoot a sling bullet.
The sling bullet hits the adder.
The adder is severely wounded.
The goblin hits you but does no damage.
The goblin hits you with a +2 dagger of draining.
You feel drained. The goblin hits you with a +0 club.
The adder closely misses you. x2; You furiously retaliate!
You headbutt the adder.
You kill the adder!
Robin throws the goblin at you! The goblin barely misses you.
The goblin hits you but does no damage. The goblin closely misses you.
You furiously retaliate!
You headbutt the goblin, but do no damage.
The goblin misses you. The adder bites you.
You shoot a sling bullet. The sling bullet hits the goblin.
You kill the goblin!
The adder bites you but does no damage.
Robin hits you with a +1 falchion of flaming.
Robin burns you.
You die...

........####........
..........#.........
............#.>.....
......##........... #
......#....#.).....
#.######......#.......
#....##....##.....#...
..###.ggg..########.....
......g@.### ####.......
#..##.%Sg# ##.....##...
#..gg.. ............
...).<...............
.#...............<....
.. ##.).................
. #..)#...........%...
........#...........
#...........


You could see Robin, an adder, 3 hobgoblins and 3 goblins.

Vanquished Creatures
  Jessica (D:2)
  2 adders (D:2)
  A worm (D:2)
  7 ball pythons
  A bat (D:2)
  5 endoplasms
  A giant cockroach (D:1)
  9 goblins
  6 hobgoblins
  5 kobolds (D:1)
  A rat (D:1)
39 creatures vanquished.

Notes
Turn   | Place    | Note
-------+----------+-------------------------------------------
     0 | D:1      | qw the Minotaur Hexslinger began the quest for the Orb.
     0 | D:1      | Reached XP level 1. HP: 16/16 MP: 1/1
     0 | D:1      | 0 ||| qw: Version: 0.3-a-52-g30416fa
     0 | D:1      | 0 ||| qw: Game counter: 4747
     0 | D:1      | 0 ||| qw: Melee chars always use a shield: true
     0 | D:1      | 0 ||| qw: God list: Okawaru
     0 | D:1      | 0 ||| qw: Allow faded altars: false
     0 | D:1      | 0 ||| qw: Do Orc after clearing Dungeon:15 true
     0 | D:1      | 0 ||| qw: Do second Lair branch before Depths: true
     0 | D:1      | 0 ||| qw: Lair rune preference: random
     0 | D:1      | 0 ||| qw: Goals: Normal
     0 | D:1      | 0 ||| PLANNING D:1-11
   111 | D:1      | Reached skill level 3 in Ranged Weapons
   167 | D:1      | Reached XP level 2. HP: 23/23 MP: 2/2
   313 | D:1      | Found a faded altar of an unknown god.
   719 | D:1      | Reached XP level 3. HP: 29/29 MP: 3/3
   851 | D:1      | 851 ||| UPGRADING to +0 ring mail.
   861 | D:1      | 861 ||| DROPPING +0 robe.
   862 | D:1      | 862 ||| READING 2 scrolls labelled PUYJIKHLIMA.
   863 | D:1      | 863 ||| READING scroll labelled NICVYCW SE XITAS.
   864 | D:1      | 864 ||| READING scroll labelled FAR OGEXZAY.
   865 | D:1      | 865 ||| DROPPING scroll of fog.
   866 | D:1      | 866 ||| DROPPING scroll of poison.
   924 | D:2      | 924 ||| FLEEEEING.
   925 | D:2      | 925 ||| STAIRDANCE
   989 | D:2      | Reached skill level 4 in Ranged Weapons
  1019 | D:2      | Noticed Jessica
  1025 | D:2      | Killed Jessica
  1026 | D:2      | Reached XP level 4. HP: 20/36 MP: 4/4
  1162 | D:2      | Noticed Robin
  1170 | D:2      | HP: 8/34 [goblin/+2 dagger of draining[Robin] (2)]
  1171 | D:2      | HP: 2/33 [adder (2)]
  1172 | D:2      | Slain by Robin

Levels and vault maps discovered:
D:1:      lightli_arrival_noodles, layout_loops_ring,
          shapermc_ecumenical_altar_flowoftime, minmay_misc_feat_ornament
D:2:      layout_rooms, minmay_tripent, uniq_robin, uniq_jessica

Skill      XL: |  1  2  3 |
---------------+----------+-----
Ranged Weapons | 3 4 |  4.3
Fighting       | 2 |  2.0
Armour         | 2 |  2.1
Dodging        | |  2.1
Spellcasting   | |  1.0
Hexes          | |  2.0

Action                     |  1- 3 |  4- 6 || total
---------------------------+-------+-------++-------
   Fire: Sling             |    97 |    16 ||   113
    Use: Scroll            |     3 |       ||     3
 Armour: Robe              |     5 |       ||     5
         Ring mail         |     4 |    18 ||    22
  Dodge: Dodged            |    30 |    23 ||    53

Table legend:
 A = Non-vault XP
 B = Vault XP
 C = Vault XP percentage of total XP
 D = Non-vault monster count
 E = Vault monster count
 F = Vault count percentage of total count
                 A         B        C        D         E       F
            +---------+---------+-------+---------+---------+-------
      Total |      90 |      44 |  32.8 |      34 |       5 |  12.8
            +---------+---------+-------+---------+---------+-------
        D:1 |      43 |       0 |   0.0 |      23 |       0 |   0.0
        D:2 |      47 |      44 |  48.4 |      11 |       5 |  31.2
            +---------+---------+-------+---------+---------+-------
